[Event "EYCC Open-U12 2019"]
[Site "Bratislava"]
[Date "2019.08.10"]
[Round "9.52"]
[White "Baturina, Marin"]
[Black "Trzebinski, Patryk"]
[Result "0-1"]
[ECO "A51"]
[WhiteElo "1573"]
[BlackElo "1679"]
[Annotator "NA RC"]
[PlyCount "114"]
[EventDate "2019.08.02"]
[EventType "swiss"]
[EventCountry "SVK"]
[SourceTitle "playchess.com"]
[Source "ChessBase"]
[SourceQuality "1"]
[TimeControl "40/5400+30:1800+30"]

1. d4 Nf6 2. c4 e5 3. dxe5 Ne4 4. Nf3 d6 5. exd6 Bxd6 6. Nbd2 Nc5 7. e3 Bf5 8. Nb3 Nbd7 9. Nbd4 Qf6 10. b4 Ne4 11. c5 Be5 12. Bb2 g5 13. Bd3 g4 14. Bxe4 Bxe4 15. Nxe5 Nxe5 16. O-O O-O-O 17. Qb3 h5 18. Rad1 h4 19. Ne2 h3 20. Bxe5 Qxe5 21. g3 Qf5 22. Rxd8+ Rxd8 23. Nf4 Bf3 24. Qc4 Rd2 25. Qc3 Qd7 26. Qh8+ Qd8 27. Qxd8+ Kxd8 28. a4 Ra2 29. a5 Rb2 30. Nd3 Rb3 31. Ne5 f6 32. Nxf3 gxf3 33. c6 bxc6 34. Rd1+ Kc8 35. Kf1 Rxb4 36. Ke1 Ra4 37. Kd2 Rxa5 38. Kc3 Ra2 39. Rf1 Kb7 40. Kd4 Ra4+ 41. Kd3 f5 42. Rb1+ Ka6 43. Rb2 c5 44. Rc2 Kb5 45. Rb2+ Rb4 46. Rxb4+ Kxb4 47. e4 fxe4+ 48. Kxe4 c4 49. Kxf3 c3 50. Kg4 c2 51. Kxh3 c1=Q 52. f4 Qc6 53. Kg4 Qg6+ 54. Kf3 a5 55. h4 a4 56. g4 Qd3+ 57. Kf2 Qe4 0-1

[Event "EYCC Open-U12 2019"]
[Site "Bratislava"]
[Date "2019.08.10"]
[Round "9.53"]
[White "Licka, Denis"]
[Black "Isaksson, Max"]
[Result "1-0"]
[ECO "C77"]
[WhiteElo "1523"]
[BlackElo "1695"]
[Annotator "NA RC"]
[PlyCount "113"]
[EventDate "2019.08.02"]
[EventType "swiss"]
[EventCountry "SVK"]
[SourceTitle "playchess.com"]
[Source "ChessBase"]
[SourceQuality "1"]
[TimeControl "40/5400+30:1800+30"]

1. e4 e5 2. Nf3 Nc6 3. Bb5 a6 4. Ba4 Nf6 5. d3 Bc5 6. c3 d6 7. O-O Bg4 8. Nbd2 O-O 9. Re1 b5 10. Bb3 Re8 11. h3 Bh5 12. Nf1 h6 13. Ng3 Bg6 14. Nh4 Ne7 15. Nxg6 Nxg6 16. Nf5 Ne7 17. Qf3 Nxf5 18. Qxf5 Qd7 19. Qxd7 Nxd7 20. Bd5 Rab8 21. b4 Bb6 22. Bc6 Rbd8 23. a4 bxa4 24. Rxa4 Rf8 25. Bxd7 Rxd7 26. Rxa6 Rdd8 27. Be3 Bxe3 28. fxe3 Rfe8 29. Ra7 Rd7 30. Rea1 Kf8 31. Ra8 Rxa8 32. Rxa8+ Ke7 33. Kf2 Ke6 34. Re8+ Kf6 35. Rc8 Ke6 36. Ke2 Re7 37. Kd2 Kd7 38. Rg8 g6 39. g4 Re6 40. h4 Re8 41. Rxe8 Kxe8 42. Kc2 Ke7 43. Kb3 Ke6 44. Ka4 f5 45. exf5+ gxf5 46. gxf5+ Kxf5 47. Kb5 Kg4 48. Kc6 Kxh4 49. Kxc7 Kg3 50. b5 Kf3 51. b6 Kxe3 52. b7 Kxd3 53. Kxd6 e4 54. b8=Q Kxc3 55. Qb1 e3 56. Qe1+ Kd3 57. Ke5 1-0

[Event "EYCC Open-U12 2019"]
[Site "Bratislava"]
[Date "2019.08.10"]
[Round "9.54"]
[White "Musaev, Matej Elbek"]
[Black "Grishin, Petr E."]
[Result "1/2-1/2"]
[ECO "B10"]
[WhiteElo "1693"]
[BlackElo "1506"]
[Annotator "NA RC"]
[PlyCount "125"]
[EventDate "2019.08.02"]
[EventType "swiss"]
[EventCountry "SVK"]
[SourceTitle "playchess.com"]
[Source "ChessBase"]
[SourceQuality "1"]
[TimeControl "40/5400+30:1800+30"]

1. e4 c6 2. Nf3 d5 3. Nc3 Nf6 4. e5 Ne4 5. d4 Nxc3 6. bxc3 Bf5 7. Bd3 Bxd3 8. Qxd3 e6 9. O-O Be7 10. Be3 O-O 11. Rab1 b6 12. Nd2 c5 13. f4 cxd4 14. cxd4 Nc6 15. c3 Rc8 16. Rf3 f5 17. exf6 Bxf6 18. Rh3 g6 19. Nf3 Qc7 20. Bd2 Na5 21. Ne5 Nc4 22. Bc1 Bg7 23. Rb3 a5 24. Qe2 Nd6 25. Qg4 Rfe8 26. Qh4 Bxe5 27. fxe5 Nf5 28. Qg4 Qc4 29. Bg5 b5 30. Bf6 Rc7 31. Qd1 b4 32. g4 Ne7 33. Qd2 Nc6 34. Rg3 Ra7 35. cxb4 Qxd4+ 36. Qxd4 Nxd4 37. Rb2 axb4 38. Rd3 Nc6 39. h4 Rea8 40. Rdd2 Ra4 41. Rg2 Nd4 42. h5 g5 43. Rgf2 h6 44. Be7 Nc6 45. Bd6 Kg7 46. Rfc2 R8a6 47. Kf2 d4 48. Kf1 d3 49. Rc4 Rxa2 50. Rxa2 Rxa2 51. Ke1 b3 52. Rxc6 b2 53. Rc7+ Kg8 54. Rc8+ Kf7 55. Rc7+ Ke8 56. Rc8+ Kd7 57. Rc7+ Kd8 58. Rb7 Ra1+ 59. Kd2 b1=Q 60. Rxb1 Rxb1 61. Bf8 Rb5 62. Bxh6 Ke8 63. Bxg5 1/2-1/2